 Dungeon Crawl Stone Soup version 0.28-a0-1387-g3a22ab9bdc (webtiles) character file.

Game seed: 4761209139745032413

1055 bearlyready the Magician (level 8, 0/50 HPs)
             Began as a Djinni Earth Elementalist on Jan 2, 2022.
             Was an Initiate of Ashenzari.
             Slain by a two-headed ogre (7 damage)
             ... on level 6 of the Dungeon.
             The game lasted 00:14:20 (6191 turns).

bearlyready the Magician (DjEE)                     Turns: 6191, Time: 00:14:21

Health: 0/50       AC:  7    Str:  7    XL:     8   Next: 51%
Gold:   172        EV: 11    Int: 18    God:    Ashenzari [......] SH:  0 Dex: 15

rFire   + + .      SeeInvis .   y - +2 dagger (venom)
rCold   x . .      Faith    .   (no shield)
rNeg    . . .      Spirit   .   c - +3 leather armour {rPois}
rPois   ∞          Reflect  .   (no helmet)
rElec   .          Harm     .   o - +0 cloak
rCorr   .          Rampage  .   (no gloves)
Will    .....                   (boots unavailable)
Stlth   ++........              f - amulet of the acrobat
HPRegen 0.16/turn               l - ring of wizardry
MPRegen 0.00/turn               (no ring)

@: weak-willed, flying, mesmerised
A: sickness immunity, fire resistance 2, cold vulnerability 1, float, innate
caster, hp casting, extra vitality 1
a: Renounce Religion, Curse Item


You were on level 6 of the Dungeon.
You worshipped Ashenzari.
Ashenzari was noncommittal.
You visited 2 branches of the dungeon, and saw 7 of its levels.
You also visited: Sewer.

You collected 172 gold pieces.

Inventory:

Hand Weapons
 a - a +0 whip
 g - a +0 dagger
 j - a +0 falchion
 v - a +0 rapier
 y - a +2 dagger of venom (weapon)
Missiles
 s - 22 poisoned darts
 u - 39 stones
 F - 6 datura-tipped darts
Armour
 b - a +0 robe
 c - a +3 leather armour of poison resistance (worn)
 k - the +0 leather armour of Naep {-Tele Str+7}
   (You found it on level 2 of the Dungeon)

   Str:       It affects your strength (+7).
   -Tele:     It prevents most forms of teleportation.
 o - a +0 cloak (worn)
 A - an orb of mayhem
 B - a +0 tower shield
Jewellery
 f - an amulet of the acrobat (around neck)
 l - a ring of wizardry (left hand)
Wands
 D - a wand of polymorph (10)
Scrolls
 e - a scroll of enchant weapon
 p - a scroll of blinking
 q - 2 scrolls of identify
 w - a scroll of teleportation {unknown}
 x - a scroll of enchant armour
 C - a scroll of magic mapping {unknown}
 E - a scroll of immolation {unknown}
Potions
 d - a potion of degeneration {unknown}
 h - 2 potions of might {unknown}
 m - 2 potions of lignification {unknown}
 n - a potion of flight {unknown}
 r - 4 potions of curing {unknown}
 z - a potion of heal wounds {unknown}


   Skills:
 - Level 2.1 Dodging
 - Level 1.5 Stealth
 + Level 7.6 Spellcasting


You had 6 spell levels left.
You knew the following spells:

 Your Spells              Type           Power      Damage    Failure   Level
a - Sandblast             Erth           68%        2d15      1%          1
b - Passwall              Tmut/Erth      28%        N/A       1%          2
c - Stone Arrow           Conj/Erth      68%        3d11      1%          3
d - Petrify               Tmut/Erth      34%        N/A       2%          4
e - Slow                  Hex            100%       N/A       1%          1
f - Static Discharge      Conj/Air       34%        N/A       1%          2
g - Swiftness             Air            34%        N/A       1%          3
Your spell library was empty.

Dungeon Overview and Level Annotations

Branches:
Dungeon (6/15)             Temple (1/1) D:4           Sewer (visited)

Altars:
Ashenzari
Dithmenos
Elyvilon
Fedhas
Gozag
Hepliaklqana
Kikubaaqudgha
Makhleb
Nemelex Xobeh
Ru
Sif Muna
Trog
Vehumet
Xom
Zin
The Shining One

Shops:
D:2 [

Annotations:
D:3 2 runed translucent doors, sirJeffrey23's ghost, amateur DsGl
D:4 Eustachio
D:6 Maggie


Innate Abilities, Weirdness & Mutations

You are immune to sickness and miasma.
You are immune to poison.
Your flesh is very heat resistant. (rF++)
You are vulnerable to cold. (rC-)
You float through the air rather than walking.
You learn spells naturally, not from books.
Your magical power is your life essence.
You have superior vitality. (+4 MHP)


Message History

A hound and a two-headed ogre come into view.
Found a ring mail.
The two-headed ogre shouts in stereo!
The hound moves out of view.
The stone arrow hits the two-headed ogre!
The two-headed ogre is moderately wounded.
The adder hisses angrily.
The hound barks!
You hear a shout!
As you read the scroll labelled VUNOESMORY, it crumbles to dust.
It is a scroll of enchant armour.
Your +2 leather armour of poison resistance glows green for a moment.
Maggie the Vainglorious comes into view.
She is wielding a +0 halberd.
As you read the scroll labelled VEMUOSHR HYIG, it crumbles to dust.
It is a scroll of identify.
e - a scroll of enchant weapon The hound misses you.
Maggie gestures wildly while chanting.
Maggie attempts to bespell you!
You are mesmerised by Maggie!
A hound comes into view.
The hound completely misses you.
You cannot move away from Maggie!
As you read the scroll labelled EZEYMAINASH, it crumbles to dust.
Magic quickly surges around you.
It was a scroll of vulnerability.
The hound bites you but does no damage. The adder barely misses you.
A sky beast comes into view.
The two-headed ogre hits you with a +0 giant club!
The two-headed ogre hits you with a +0 dire flail!
The hound bites you but does no damage.
Maggie points at you and mumbles some strange words.
The bolt of fire hits you. You resist. The adder barely misses you.
As you read the scroll labelled TEACUO GADOPE, it crumbles to dust.
It is a scroll of amnesia.
You feel forgetful for a moment. The hound bites you but does no damage.
The adder bites you but does no damage.
Maggie gestures wildly while chanting.
Maggie draws you further into her thrall.
The two-headed ogre hits you with a +0 giant club!!
* * * LOW HITPOINT WARNING * * *
The two-headed ogre hits you with a +0 dire flail!
You die...

###++
#.....
#......
##.......
##......[.
##.........
#..........
#.Sh.......
#.@O.h.....
+..........
+.......Y..
#......@...
#..........
#..........
##........
##.......


You could see Maggie (mesmerising, weak-willed), a two-headed ogre
(weak-willed), a sky beast, 2 hounds and an adder (weak-willed).

Vanquished Creatures
  An acid dragon (D:4)
  A sky beast (D:5)
  2 black bears (D:5)
  An ogre (D:5)
  A phantom (D:4)
  A bullfrog (Sewer)
  A wyvern zombie (D:5)
  A water moccasin skeleton (D:5)
  A hound (D:5)
  An iguana (D:5)
  2 orc wizards
  10 adders
  An ufetubus (D:5)
  An adder skeleton (D:2)
  4 dart slugs
  10 orcs
  14 ball pythons
  20 endoplasms
  8 giant cockroaches
  5 goblins
  9 hobgoblins
  9 quokkas
  10 bats
  8 frilled lizards
  5 kobolds
  6 rats
133 creatures vanquished.

Vanquished Creatures (others)
  5 plants (D:5)
  3 withered plants (D:5)
8 creatures vanquished.

Grand Total: 141 creatures vanquished

Notes
Turn   | Place    | Note
-------+----------+-------------------------------------------
     0 | D:1      | bearlyready the Djinni Earth Elementalist began the quest
                  | for the Orb.
     0 | D:1      | Reached XP level 1. HP: 15/15 MP: 0/0
   274 | D:1      | Reached XP level 2. HP: 14/21 MP: 0/0
   695 | D:1      | Reached skill level 3 in Spellcasting
   981 | D:1      | Reached XP level 3. HP: 20/25 MP: 0/0
   981 | D:1      | Learned a level 1 spell: Slow
  1607 | D:2      | Found Ilirienu's Antique Armour Shop.
  1619 | D:2      | Identified the +0 leather armour of Naep {-Tele Str+7}
  1670 | D:2      | Reached XP level 4. HP: 29/31 MP: 0/0
  2212 | D:3      | Found a sacrificial altar of Ru.
  2241 | D:3      | Found a glowing drain.
  2264 | Sewer    | Entered a sewer
  2334 | Sewer    | Reached skill level 4 in Spellcasting
  2603 | Sewer    | Reached XP level 5. HP: 31/35 MP: 0/0
  2603 | Sewer    | Learned a level 2 spell: Static Discharge
  2997 | Sewer    | Noticed a bullfrog
  3052 | Sewer    | Killed a bullfrog
  3053 | Sewer    | Reached XP level 6. HP: 23/40 MP: 0/0
  3185 | D:3      | Found a large runed translucent door.
  3185 | D:3      | Found a large runed translucent door.
  3207 | D:3      | Reached skill level 5 in Spellcasting
  3614 | D:3      | Found an opulent altar of Gozag.
  3678 | D:3      | Noticed sirJeffrey23's ghost (amateur DsGl)
  3834 | D:4      | Noticed an acid dragon
  3932 | D:4      | Found a staircase to the Ecumenical Temple.
  3965 | D:5      | Entered Level 5 of the Dungeon
  4284 | Temple   | Entered the Ecumenical Temple
  4485 | Temple   | Became a worshipper of Ashenzari the Shackled
  4543 | D:4      | Killed an acid dragon
  4544 | D:4      | Reached skill level 6 in Spellcasting
  4544 | D:4      | Reached XP level 7. HP: 10/45 MP: 0/0
  4544 | D:4      | Learned a level 3 spell: Swiftness
  4800 | D:4      | Noticed Eustachio
  5154 | D:5      | Reached XP level 8. HP: 43/50 MP: 0/0
  5415 | D:5      | Reached skill level 7 in Spellcasting
  5650 | D:5      | Found a blossoming altar of Fedhas.
  6183 | D:6      | Noticed a two-headed ogre
  6186 | D:6      | Noticed Maggie
  6191 | D:6      | Slain by a two-headed ogre

Illustrated notes

Levels and vault maps discovered:
D:1:      dpeg_chamrin_arrival_tetris, layout_basic
D:2:      layout_rooms, serial_shops, shop, serial_park_tiny_1
D:3:      layout_rooms, nicolae_gozag_cash_rules_everything_around_me,
          nicolae_ru_the_path_less_chosen, cheibrodos_sewer_entry_sluice,
          ebering_ghost_disaster_area
D:4:      layout_basic, lemuel_doored_altar, minmay_temple_entry_arrows,
          chequers_serial_rivers_room_a, serial_bayou_pond_e, uniq_eustachio
D:5:      layout_basic, grunt_temple_overflow_growth_and_decay,
          guppyfry_early_lair_pool
D:6:      layout_cave_pools, chei_slow_surprise, kennysheep_cross_room,
          uniq_maggie
Temple:   minmay_temple_bridge_abc

Skill      XL: |  1  2  3  4  5  6  7  8 |
---------------+-------------------------+-----
Spellcasting   | 3 4 6 7 |  7.6
Dodging        | |  2.1
Stealth        | |  1.5

Action                   |  1- 3 |  4- 6 |  7- 9 || total
-------------------------+-------+-------+-------++-------
Melee: Unarmed           |     4 |       |       ||     4
       Dagger            |     9 |    30 |    35 ||    74
 Cast: Sandblast         |    49 |    83 |       ||   132
       Stone Arrow       |       |    27 |    32 ||    59
       Slow              |       |     1 |       ||     1
  Use: Scroll            |       |       |     4 ||     4
Armor: Robe              |     3 |     5 |       ||     8
       Leather armour    |       |     3 |    20 ||    23
Dodge: Dodged            |    22 |    53 |    63 ||   138

Table legend: (Time is in decaauts)
 A = Elapsed time spent in this place.
 B = Non-inter-level travel time spent in this place.
 C = Inter-level travel time spent in this place.
 D = Time resting spent in this place.
 E = Time spent auto-exploring this place.
 F = Levels seen in this place.
 G = Mean time per level.
                   A        B        C        D        E       F      G
               +--------+--------+--------+--------+--------+-----+--------+
         Total |   6189 |   6136 |     53 |    759 |   4402 |   8 |  773.6 |
       Dungeon |   5157 |   5104 |     53 |    724 |   3665 |   6 |  859.5 |
        Temple |    222 |    222 |      0 |      0 |    169 |   1 |  222.0 |
         Sewer |    808 |    808 |      0 |     35 |    568 |   1 |  808.0 |
               +--------+--------+--------+--------+--------+-----+--------+

Top non-repeatable levels by time:
     D:5: 1633 daAuts
     D:1: 1599 daAuts
     D:3: 864 daAuts
   Sewer: 808 daAuts
     D:2: 534 daAuts
     D:4: 518 daAuts
  Temple: 222 daAuts
     D:6: 8 daAuts
